 Dungeon Crawl Stone Soup version 0.18.1-50-g88ac8fd (webtiles) character file.

80 tyranidshit the Skirmisher (level 4, 0/44 HPs)
             Began as a Demonspawn Abyssal Knight on Sept 14, 2016.
             Was a Believer of Lugonu.
             Slain by a kobold
             ... wielding a +0 spear
              (5 damage)
             ... on level 2 of the Dungeon.
             The game lasted 00:03:54 (1326 turns).

tyranidshit the Skirmisher (DsAK)                   Turns: 1326, Time: 00:03:55

Health: 0/44       AC:  3    Str: 13    XL:     4   Next: 18%
Magic:  5/5        EV:  8    Int: 14    God:    Lugonu [**....]
Gold:   57         SH:  0    Dex: 12    Spells: 0 memorised, 3 levels left

rFire  . . .     SeeInvis .     a - +1 hand axe
rCold  . . .     Gourm    .     b - +1 leather armour
rNeg   . . .     Faith    .     (no shield)
rPois  .         Spirit   .     (helmet restricted)
rElec  .         Dismiss  .     (no cloak)
rCorr  .         Reflect  .     (no gloves)
SustAt .         Harm     .     (no boots)
MR     .....                    (no amulet)
Stlth  +.........               (no ring)
                                (no ring)

@: constricted, not resistant to hostile enchantments, very unstealthy
A: horns 1, rugged brown scales 1, deformed body, regeneration 1, robust 1, wild
magic 1
a: Depart the Abyss, Bend Space, Renounce Religion


You were on level 2 of the Dungeon.
You worshipped Lugonu.
Lugonu was pleased with you.
You were not hungry.

You visited 1 branch of the dungeon, and saw 2 of its levels.
You visited the Abyss 1 time.

You collected 57 gold pieces.

Inventory:

Hand Weapons
 a - a +1 hand axe (weapon)
Armour
 b - a +1 leather armour (worn)
 m - a +0 ring mail
Wands
 f - a wand of slowing (19/48)
Scrolls
 d - a scroll of enchant armour
 i - 2 scrolls of blinking {unknown}
 j - a scroll of enchant weapon {unknown}
 k - 3 scrolls of identify
Potions
 e - a potion of invisibility {unknown}
 l - a potion of cancellation {unknown}
Comestibles
 c - 2 bread rations
 g - 2 fruits
 h - a meat ration


   Skills:
 + Level 5.0 Fighting
 - Level 1.7 Axes
 - Level 1.7 Armour
 - Level 0.8 Dodging
 - Level 2.5 Invocations


You had 3 spell levels left.
You didn't know any spells.

Dungeon Overview and Level Annotations

Branches:
Dungeon (2/15)

Altars:


Innate Abilities, Weirdness & Mutations

You have a pair of small horns on your head.
You are partially covered in rugged brown scales (AC +1, +3% HP).
Armour fits poorly on your strangely shaped body.
Your natural rate of healing is unusually fast.
You are robust (+10% HP).
Your spells are a little harder to cast, but a little more powerful.


Message History

* * * LOW HITPOINT WARNING * * *
You hit the kobold but do no damage.
The kobold is moderately wounded.
You hit the kobold.
You kill the kobold!
Lugonu accepts your kill. The kobold hits you but does no damage.
Unknown command.
You hit the kobold. Your headbutt misses the kobold.
The kobold is heavily wounded.
The kobold closely misses you.
Unknown command.
You closely miss the kobold. Your headbutt misses the kobold.
The kobold is heavily wounded.
You hit the ball python.
The ball python is moderately wounded.
The ball python bites you but does no damage.
The ball python grabs you. The ball python constricts you.
The kobold hits you with a spear.
You die...

..... ## #.# #.#####..
.....# .# #.# #........
....#.# .###.# #######..
..##.##. #..## #.. ##
#.##..###...## #..
...#..........#.## #..
#.....#.......$#######..
#...)..#....#...........
#.....#@K............[..
#......#S...............
#..............#######..
##.........##.## #..
####.#†.##...#.# #..
...............# #..
####........#### #..
#.##.##..# ###..
#>.......# #######....


You could see a ball python and a kobold.

Vanquished Creatures
  3 adders (D:2)
  An ooze (D:1)
  A worm (D:2)
  A dart slug (D:1)
  A giant gecko (D:2)
  5 goblins
  9 hobgoblins
  3 jackals (D:1)
  8 bats
  2 giant newts
  5 kobolds
  4 rats (D:1)
43 creatures vanquished.

Notes
Turn   | Place    | Note
--------------------------------------------------------------
     0 | Abyss:1  | tyranidshit the Demonspawn Abyssal Knight began the quest for the Orb.
     0 | Abyss:1  | Reached XP level 1. HP: 18/18 MP: 2/2
    63 | Abyss:2  | Noticed a small abomination
   171 | Abyss:4  | Noticed a neqoxec
   174 | Abyss:4  | Noticed a large abomination
   179 | Abyss:4  | Gained mutation: Armour fits poorly on your strangely shaped body. [a neqoxec]
   181 | D:1      | Escaped the Abyss
   182 | D:1      | Gained mutation: You are robust (+10% HP). [potion of mutation]
   182 | D:1      | Gained mutation: Your spells are a little harder to cast, but a little more powerful. [potion of mutation]
   182 | D:1      | Gained mutation: Your natural rate of healing is unusually fast. [potion of mutation]
   241 | D:1      | Reached * piety under Lugonu
   297 | D:1      | Gained mutation: You have a pair of small horns on your head. [demonic ancestry]
   297 | D:1      | Reached XP level 2. HP: 25/26 MP: 3/3
   438 | D:1      | Reached skill level 4 in Fighting
   555 | D:1      | Reached XP level 3. HP: 28/33 MP: 4/4
  1061 | D:2      | Reached ** piety under Lugonu
  1247 | D:2      | Gained mutation: You are partially covered in rugged brown scales (AC +1, +3% HP). [demonic ancestry]
  1247 | D:2      | Reached XP level 4. HP: 20/42 MP: 5/5
  1289 | D:2      | HP: 1/42 [kobold/spear (2)]
  1297 | D:2      | Reached skill level 5 in Fighting
  1326 | D:2      | Slain by a kobold

Skill      XL: |  1  2  3  4 |
---------------+-------------+-----
Fighting       | 4 5 |  5.0
Axes           | |  1.7
Armour         | |  1.7
Dodging        | |  0.8
Invocations    | |  2.5

Action                   |  1- 3 |  4- 6 || total
-------------------------+-------+-------++-------
Melee: Hand axe          |   107 |    18 ||   125
       Headbutt          |     9 |     2 ||    11
Invok: Depart the Abyss  |     1 |       ||     1
  Use: Potion            |     2 |     1 ||     3
       Scroll            |     2 |       ||     2
 Stab: Sleeping          |     1 |       ||     1
  Eat: Bread ration      |       |     1 ||     1
Armor: Leather armour    |    27 |     6 ||    33
Dodge: Dodged            |    82 |    27 ||   109
